AoeStats
← Matheus wn8088

Yucatan

510295709Analyzed
2v2 RM · 14h ago on Sep 30, 2026· 44m 2s· 4 players
Game mode
Random Map
Map size
Medium (4 player)
Population
200
Speed
Normal
Resources
Standard
Victory
Conquest
Starting age
Dark Age
Ending age
Imperial Age
RankedLock teamsTeams togetherTeam positionsShared explorationLock speedFull tech treeHidden civsTurbo modeCheats
Victory
Defeat
🇩🇪 Sicilians · Germany
695
+16
🇧🇷 Khmer · Brazil
643
+18
🇧🇷 Georgians · Brazil
725
-18
🇧🇷 Saxons · Brazil
677
-16
lipelpimentel
10:32 Feudal Age
11:39 Double-Bit Axe
17:54 Castle Age
18:20 Stone Mining
18:26 Gold Mining
21:11 Bow Saw
21:27 Town Watch
22:45 Wheelbarrow
31:12 Imperial Age
29:17 Tusk Swords
31:05 Hand Cart
35:50 Heavy Scorpion
42:54 Elite Ballista Elephant
TotalDish7778
9:44 Feudal Age
8:40 Loom
10:12 Double-Bit Axe
11:43 Stone Mining
18:32 Town Watch
19:39 Fletching
26:51 Castle Age
25:28 Horse Collar
27:57 Squires
28:20 Forging
28:10 Scale Mail Armor
28:07 Bodkin Arrow
29:19 Murder Holes
32:12 Bow Saw
33:15 Wheelbarrow
32:57 Gold Mining
33:56 Stone Shaft Mining
37:10 Imperial Age
34:57 Heavy Plow
35:55 Hand Cart
36:44 Iron Casting
36:10 Scale Mail Armor
38:03 Capped Ram
38:59 Elite Serjeant
41:33 Gold Shaft Mining
43:45 Chemistry
43:12 Ballistics
43:34 Conscription
43:38 Bracer
44:39 Blast Furnace
43:55 Chain Mail Armor
GUSTAVO-nardes
0:32 Loom
11:43 Feudal Age
19:09 Man-at-Arms
23:18 Castle Age
23:07 Scale Mail Armor
23:09 Padded Archer Armor
28:48 Double-Bit Axe
35:45 Fletching
Matheus wn8088
3:28 Loom
11:47 Feudal Age
22:54 Castle Age
40:37 Double-Bit Axe
Connection lost

Rejoining the realm…

Still unreachable

The connection could not be restored.

Session expired

The server has moved on; the page needs a fresh start.